 Dungeon Crawl Stone Soup version 0.16-a0-2179-gb75b79b (webtiles) character file.

515 wvc the Cudgeler (level 7, -2/52 HPs)
             Began as a Mummy Fighter on Nov 14, 2014.
             Was an Initiate of Okawaru.
             Slain by Blork the orc
             ... wielding a +3 flail of protection
              (3 damage)
             ... on level 5 of the Dungeon.
             The game lasted 00:08:07 (4289 turns).

wvc the Cudgeler (Mummy Fighter)                    Turns: 4289, Time: 00:08:07

Health: -2/52      AC: 10    Str: 20    XL:     7   Next: 0%
Magic:  7/7        EV:  6    Int:  7    God:    Okawaru [......]
Gold:   120        SH: 10    Dex: 12    Spells: 0 memorised, 6 levels left

rFire  x . .     SeeInvis .     a - +0 flail
rCold  + . .     Clarity  .     b - +0 scale mail
rNeg   + + +     SustAb   .     c - +1 shield
rPois  +         Gourm    .     (no helmet)
rElec  .         Spirit   .     k - +2 cloak
rCorr  .         Warding  .     g - +0 pair of gloves
rMut   .         Stasis   .     (no boots)
MR     .....                    (no amulet)
Stlth  ..........               (no ring)
                                (no ring)

@: not resistant to hostile enchantments, extremely unstealthy
A: no food or potions, fire vulnerability, restore body, cold resistance 1,
negative energy resistance 3, poison resistance, torment resistance, unbreathing
a: Renounce Religion


You were on level 5 of the Dungeon.
You worshipped Okawaru.
Okawaru was noncommittal.
You were not hungry.

You visited 1 branch of the dungeon, and saw 6 of its levels.

You collected 120 gold pieces.

Inventory:

Hand weapons
 a - a +0 flail (weapon)
Missiles
 d - 6 javelins (quivered)
 i - 9 tomahawks
Armour
 b - a +0 scale mail (worn)
 c - a +1 shield (worn)
 g - a +0 pair of gloves (worn)
 k - a +2 cloak (worn)
Magical devices
 h - a wand of magic darts (11)
Scrolls
 e - a scroll of identify
 f - a scroll of immolation


   Skills:
 - Level 3.0 Fighting
 * Level 5.9 Maces & Flails
 - Level 2.4 Armour
 - Level 2.0 Dodging
 - Level 2.4 Shields


You had 6 spell levels left.
You didn't know any spells.

Dungeon Overview and Level Annotations

Branches:
Dungeon (6/15)
 Temple: D:4-7

Altars:
Fedhas
Gozag
Kikubaaqudgha
Okawaru
Qazlal

Annotations:
D:5 Blork the orc, Sigmund


Innate Abilities, Weirdness & Mutations

You do not eat or drink.
Your flesh is vulnerable to fire.
Your flesh is cold resistant.
You are immune to negative energy.
Your system is resistant to poisons.
You are immune to unholy pain and torment.
You can survive without breathing.


Message History

The hound skeleton bites you.
* * * LOW HITPOINT WARNING * * *
Blork the orc hits you but does no damage.
You closely miss Blork the orc.
Blork the orc is severely wounded.
The hound skeleton bites you but does no damage.
Blork the orc hits you but does no damage.
The hound skeleton closely misses you.
Blork the orc hits you but does no damage.
Blork the orc's eyes start to glow.
The hound skeleton bites you but does no damage.
Blork the orc hits you with a runed flail.
* * * LOW HITPOINT WARNING * * *
Blork the orc screams, "I'm much stronger than you!"
Blork the orc gestures at you while chanting.
The puff of frost misses you.
There is a stone staircase leading up here.
The hound skeleton bites you but does no damage.
Blork the orc hits you with a runed flail.
You die...

.. +...........#.....###
#.#?##....................
......'....................
#..##†...................
#.>.'....................
#####....................
#..........%.........
#..oZ................
+...@................
#...........#########
..............##
###############
########........#
#......#.######.#
#.####.#.#....#.#
#.#...<#.#.##.#.#
#.#.##.#.#.##.#.#


You could see Blork the orc and a hound skeleton.

Vanquished Creatures
  A sky beast (D:5)
  An ogre (D:4)
  A giant frog skeleton (D:4)
  A hound (D:4)
  3 worker ants (D:4)
  2 orc wizards (D:5)
  8 adders
  4 worms
  2 giant geckos
  An ooze (D:5)
  2 orcs
  2 ball pythons (D:4)
  5 bats
  4 giant cockroaches
  6 hobgoblins
  8 jackals
  4 kobolds
  5 giant newts
  12 goblins
  A quokka (D:2)
  8 rats
  A rat zombie (D:2)
82 creatures vanquished.

Notes
Turn   | Place    | Note
--------------------------------------------------------------
     0 | D:1      | wvc, the Mummy Fighter, began the quest for the Orb.
     0 | D:1      | Reached XP level 1. HP: 18/18 MP: 1/1
   737 | D:2      | Reached XP level 2. HP: 14/24 MP: 2/2
  1024 | D:2      | Reached XP level 3. HP: 26/29 MP: 3/3
  1089 | D:2      | Found an ancient bone altar of Kikubaaqudgha.
  1698 | D:2      | Reached skill level 1 in Dodging
  1878 | D:3      | Reached XP level 4. HP: 26/35 MP: 4/4
  2462 | D:4      | Noticed an ogre
  2468 | D:4      | Killed an ogre
  2468 | D:4      | Reached skill level 4 in Maces & Flails
  2468 | D:4      | Reached XP level 5. HP: 37/41 MP: 5/5
  2818 | D:4      | Reached XP level 6. HP: 28/47 MP: 6/6
  3154 | D:4      | Found a blossoming altar of Fedhas.
  3154 | D:4      | Found a stormy altar of Qazlal.
  3209 | D:4      | Found an opulent altar of Gozag.
  3209 | D:4      | Found an iron altar of Okawaru.
  3214 | D:4      | Became a worshipper of Warmaster Okawaru
  3300 | D:4      | Reached skill level 5 in Maces & Flails
  3442 | D:4      | You fall through a shaft!
  3442 | D:5      | Entered Level 5 of the Dungeon
  3806 | D:5      | Noticed Sigmund
  4129 | D:5      | Reached XP level 7. HP: 33/52 MP: 7/7
  4265 | D:5      | Noticed Blork the orc
  4282 | D:5      | HP: 2/52 [hound skeleton (2)]
  4289 | D:5      | Slain by Blork the orc

Action                   |  1- 3 |  4- 6 |  7- 9 || total
-------------------------+-------+-------+-------++-------
Melee: Flail             |   139 |   223 |    20 ||   382
Throw: Javelin           |       |     3 |       ||     3
  Use: Scroll            |       |     4 |       ||     4
